 Dungeon Crawl Stone Soup version 0.18-a0-971-g0af6217 (webtiles) character file.

65 Havendes the Skirmisher (level 3, -1/30 HPs)
             Began as a Demonspawn Abyssal Knight on Jan 2, 2016.
             Was a Follower of Lugonu.
             Killed from afar by Natasha (9 damage)
             ... with a magic dart
             ... on level 2 of the Dungeon.
             The game lasted 00:12:37 (1053 turns).

Havendes the Skirmisher (Demonspawn Abyssal Knight) Turns: 1053, Time: 00:12:37

Health: -1/30      AC:  8    Str: 13    XL:     3   Next: 92%
Magic:  5/5        EV:  6    Int: 13    God:    Lugonu [*.....]
Gold:   103        SH:  0    Dex: 12    Spells: 0 memorised, 2 levels left

rFire  + . .     SeeInvis .     a - +2 short sword
rCold  x . .     Gourm    .     d - +0 chain mail
rNeg   . . .     Faith    .     (no shield)
rPois  .         Spirit   .     (no helmet)
rElec  .         Dismiss  .     (no cloak)
rCorr  .         Reflect  .     (no gloves)
SustAt .         Harm     .     (no boots)
MR     .....                    (no amulet)
Stlth  ..........               k - ring of fire
                                j - ring of flight

@: about to teleport, not resistant to hostile enchantments, extremely
unstealthy
A: hooves 1
a: Depart the Abyss, Renounce Religion, Evoke Flight


You were on level 2 of the Dungeon.
You worshipped Lugonu.
Lugonu was aware of your devotion.
You were not hungry.

You visited 1 branch of the dungeon, and saw 2 of its levels.
You visited the Abyss 1 time.

You collected 103 gold pieces.

Inventory:

Hand Weapons
 a - a +2 short sword (weapon)
 e - a cursed -2 dagger
 g - a +0 flail
Armour
 b - a +0 leather armour
 d - a +0 chain mail (worn)
Jewellery
 j - a ring of flight (left hand)
 k - a ring of fire (right hand)
Scrolls
 h - 3 scrolls of teleportation
Potions
 i - a potion of lignification {unknown}
Comestibles
 c - 2 bread rations
 f - a meat ration
 l - 2 chunks of flesh


   Skills:
 + Level 3.7 Fighting
 + Level 2.1 Short Blades
 + Level 2.5 Armour
 + Level 1.3 Dodging
 + Level 2.8 Invocations


You had 2 spell levels left.
You didn't know any spells.

Dungeon Overview and Level Annotations

Branches:
Dungeon (2/15)

Altars:

Annotations:
D:2 Natasha


Innate Abilities, Weirdness & Mutations

You have large cloven feet.


Message History

You see here a club.
Found a stone staircase leading up.
Found 12 gold pieces.
Natasha, Servant of Life and Death comes into view.
Natasha hisses angrily.
Natasha zaps a wand.
The puff of flame hits you! You resist.
It is a wand of flame.
Found an escape hatch in the floor.
Natasha zaps a wand.
The puff of flame hits you! You resist.
Natasha howls an incantation.
Natasha shimmers violently.
Natasha zaps a wand.
The puff of flame hits you!
Natasha zaps a wand.
The puff of flame hits you! You resist.
Natasha zaps a wand.
The puff of flame hits you! You resist.
* * * LOW HITPOINT WARNING * * *
As you read the scroll of teleportation, it crumbles to dust.
You feel strangely unstable.
Natasha stares at you and mumbles some strange words.
The magic dart hits you!
You die...

# #(.#
#.###.###.##### #
#..# #.# ##...## #.#
## #..####.#####.##
#.# .#
#.............#####.#
.#
#.##................#
.#
#.##.##.#############
.#########.##.##.#
..g...s....##[##.#
.############.##@# .#
#.##.# .# #.##.# .#
#.##.# .# #.# .# #.#
.. #.h.# ..<...#
......$..#


You could see Natasha.

Vanquished Creatures
  Terence (D:2)
  An adder (D:2)
  3 giant geckos
  2 bats (D:1)
  A giant cockroach (D:2)
  5 goblins
  2 hobgoblins
  A ball python (D:2)
  2 giant newts (D:1)
  7 kobolds
  4 rats
29 creatures vanquished.

Notes
Turn   | Place    | Note
--------------------------------------------------------------
     0 | Abyss:1  | Havendes the Demonspawn Abyssal Knight began the quest for the Orb.
     0 | Abyss:1  | Reached XP level 1. HP: 18/18 MP: 2/2
     0 | D:1      | Escaped the Abyss
   189 | D:1      | Gained mutation: You have large cloven feet. [demonic ancestry]
   189 | D:1      | Reached XP level 2. HP: 17/24 MP: 3/3
   248 | D:1      | Reached * piety under Lugonu
   547 | D:1      | Reached skill level 1 in Dodging
   722 | D:2      | Noticed Terence
   744 | D:2      | Killed Terence
   744 | D:2      | Reached XP level 3. HP: 9/29 MP: 4/4
  1045 | D:2      | Noticed Natasha
  1053 | D:2      | Killed from afar by Natasha

Vault maps used:
D:1:      mainiacjoe_arrival_reflecting_pool, minmay_misc_feat_more_columns
D:2:      tgw_trog, uniq_natasha, uniq_terence
Abyss:1:  evilmike_abyss_exit_11

Action                   || total
-------------------------++-------
Melee: Short sword       ||   130
Invok: Depart the Abyss  ||     1
  Use: Scroll            ||     5
       Potion            ||     1
  Eat: Chunk             ||     1
